 Dungeon Crawl Stone Soup version 0.21.1-1-g345015f (webtiles) character file.

329 Fang the Skirmisher (level 6, -1/39 HPs)
             Began as a Gargoyle Berserker on May 1, 2018.
             Was a Priest of Trog.
             Slain by a quokka (3 damage)
             ... on level 3 of the Dungeon.
             The game lasted 00:07:03 (2686 turns).

Fang the Skirmisher (Gargoyle Berserker)            Turns: 2686, Time: 00:07:04

Health: -1/39      AC:  7    Str: 22    XL:     6   Next: 51%
Magic:  6/6        EV: 13    Int:  8    God:    Trog [***...]
Gold:   54         SH:  0    Dex:  9    Spells: 5/5 levels left

rFire    . . .     SeeInvis .   l - +3 scythe (protect)
rCold    . . .     Gourm    .   (shield currently unavailable)
rNeg     + . .     Faith    .   b - +1 animal skin
rPois    ∞         Spirit   .   (no helmet)
rElec    +         Reflect  .   (no cloak)
rCorr    .         Harm     .   (no gloves)
MR       .....                  (no boots)
Stlth    +.........             (no amulet)
HPRegen  0.13/turn              (no ring)
MPRegen  0.10/turn              (no ring)

@: berserk cooldown, fainting, slowed, very slow
A: negative energy resistance 1, electricity resistance, unbreathing,
petrification resistance, rot immunity, AC +4
a: Berserk, Trog's Hand, Burn Spellbooks, Renounce Religion


You were on level 3 of the Dungeon.
You worshipped Trog.
Trog was most pleased with you.
You were fainting.

You visited 1 branch of the dungeon, and saw 3 of its levels.

You collected 54 gold pieces.

Inventory:

Hand Weapons
 a - a +0 hand axe
 e - a +2 whip of draining
 l - a +3 scythe of protection (weapon)
Missiles
 g - 8 tomahawks (quivered)
Armour
 b - a +1 animal skin (worn)
Wands
 d - a wand of flame (5)
Scrolls
 h - a scroll of remove curse
Comestibles
 c - 3 rations


   Skills:
 + Level 4.3 Fighting
 + Level 3.2(3.9) Axes
 + Level 3.2(4.0) Maces & Flails
 + Level 0.9(2.2) Polearms
 + Level 2.2 Armour
 + Level 3.3 Dodging
 + Level 1.2 Stealth


You had 5 spell levels left.
You didn't know any spells.

Dungeon Overview and Level Annotations

Branches:
Dungeon (3/15)

Altars:

Annotations:
D:3 Robin


Innate Abilities, Weirdness & Mutations

You are resistant to torment.
Your stone body is resilient. (AC +4)
You are immune to poison.
You resist negative energy. (rN+)
You are resistant to electric shocks. (rElec)
You can survive without breathing.
You are immune to petrification.
You are immune to rotting.


Message History

The hungry ghost barely misses you. The kobold hits you but does no damage.
The quokka bites you but does no damage.
The goblin hits you but does no damage. The goblin misses you.
The goblin barely misses you.
You barely miss the kobold. The quokka bites you.
* * * LOW HITPOINT WARNING * * *
The goblin hits you but does no damage. The hungry ghost hits you.
You feel somewhat more hungry. The kobold hits you but does no damage.
The goblin closely misses you. x2; The goblin barely misses you.
The quokka misses you. The goblin barely misses you. The hungry ghost hits you.
You feel somewhat more hungry. The kobold misses you.
The goblin hits you but does no damage. x2; The goblin misses you.
The quokka closely misses you. The goblin hits you but does no damage.
The hungry ghost hits you.
* * * LOW HITPOINT WARNING * * *
You are fainting from starvation!
The kobold misses you. The goblin closely misses you. The goblin hits you.
* * * LOW HITPOINT WARNING * * *
You barely miss the kobold. The quokka bites you.
You die...

#...##†# ##. #..#
#)# ..# .. #<#
..## # #†# ...#
#.##...# $
#..####..#g..##..
.........#g#.....
####.###ggrgg....
# #.g@K##[..
#...#gW......
##..#..#..##.
#..##....... #..
#...... ...
.....# .#.#
...... ##. .?...


You could see a hungry ghost, a quokka, 2 hobgoblins, 6 goblins and a kobold.

Vanquished Creatures
  Sigmund (D:2)
  Terence (D:2)
  4 gnolls (D:2)
  2 adders
  3 worms (D:2)
  3 dart slugs
  3 leopard geckos (D:2)
  9 bats
  7 giant cockroaches
  11 goblins
  6 hobgoblins
  7 frilled lizards
  8 kobolds
  11 rats
76 creatures vanquished.

Notes
Turn   | Place    | Note
-------+----------+-------------------------------------------
     0 | D:1      | Fang the Gargoyle Berserker began the quest for the Orb.
     0 | D:1      | Reached XP level 1. HP: 14/14 MP: 1/1
   319 | D:1      | Reached XP level 2. HP: 19/19 MP: 2/2
  1051 | D:1      | Reached XP level 3. HP: 24/24 MP: 3/3
  1062 | D:1      | Reached ** piety under Trog
  1495 | D:2      | Reached XP level 4. HP: 17/29 MP: 4/4
  1706 | D:2      | Reached skill level 1 in Maces & Flails
  2021 | D:2      | Noticed Sigmund
  2033 | D:2      | Killed Sigmund
  2033 | D:2      | Reached skill level 4 in Fighting
  2033 | D:2      | Reached skill level 1 in Stealth
  2033 | D:2      | Reached XP level 5. HP: 33/33 MP: 5/5
  2033 | D:2      | Reached XP level 6. HP: 38/38 MP: 6/6
  2261 | D:2      | Noticed Terence
  2277 | D:2      | Killed Terence
  2659 | D:3      | Noticed a hungry ghost
  2660 | D:3      | Noticed Robin
  2684 | D:3      | Reached *** piety under Trog
  2685 | D:3      | HP: 1/39 [goblin (2)]
  2686 | D:3      | Slain by a quokka

Skill      XL: |  1  2  3  4  5  6 |
---------------+-------------------+-----
Axes           | 3 |  3.2
Dodging        | 2 3 |  3.3
Maces & Flails | 2 3 |  3.2
Fighting       | 4 |  4.3
Stealth        | 1 |  1.2
Polearms       | |  0.9
Armour         | |  2.2

Action                   |  1- 3 |  4- 6 || total
-------------------------+-------+-------++-------
Melee: Hand axe          |    36 |       ||    36
       Whip              |    64 |    65 ||   129
       Scythe            |       |    56 ||    56
Invok: Berserk           |       |     3 ||     3
  Use: Scroll            |       |     6 ||     6
       Potion            |       |     1 ||     1
  Eat: Chunk             |     2 |     5 ||     7
       Ration            |       |     3 ||     3
Armor: Animal skin       |    72 |   162 ||   234
Dodge: Dodged            |   127 |   238 ||   365
